Map: Winter Madness LE

Players

HoldTheDoor

  • Race: Protoss Protoss
  • League: Diamond
  • Spawn Location: 5:00

Maestral - Winner!

  • Race: Terran Terran
  • League: Diamond
  • Spawn Location: 11:00

VOD

Have the link to the VOD?

Description

Time

  • Played on: May 7, 2026, 2:29 p.m.
  • Length: 17:45
Show
View Real Time Build Order
Export as new Build Order

HoldTheDoor Protoss 

Build Orders:  

Get SALT Encoding   

  12  0:00  Probe  
  13  0:12  Probe  
  14  0:17  Pylon  
  14  0:24  Probe  
  15  0:32  Probe  
  15  0:39  Gateway  
  15  0:40  Probe  
  17  0:50  Assimilator, Probe  
  18  1:03  Probe  
  18  1:13  Forge  
  18  1:19  Probe  
  19  1:29  Cybernetics Core  
  19  1:35  Pylon  
  19  1:38  Gateway  
  19  1:44  Probe  
  20  1:56  Probe  
  20  1:57  Assimilator  
  21  2:05  Photon Cannon  
  21  2:08  Probe  
  22  2:20  Probe  
  22  2:22  Warp Gate  
  23  2:27  Adept x2  
  27  2:37  Probe  
  28  2:45  Shield Battery  
  28  2:51  Probe  
  29  2:54  Stalker, Pylon  
  31  3:12  Sentry, Probe  
  34  3:19  Stargate  
  34  3:24  Probe  
  35  3:36  Pylon  
  35  3:37  Probe  
  35  3:38  Protoss Ground Weapons Level 1  
  36  3:50  Nexus  
  36  3:52  Pylon  
  36  3:53  Probe  
  37  4:07  Phoenix  
  39  4:15  Probe  
  40  4:24  Twilight Council  
  40  4:27  Probe  
  40  4:29  Stalker  
  43  4:34  Stalker  
  45  4:42  Shield Battery  
  45  4:47  Phoenix  
  45  4:50  Probe  
  48  4:59  Charge  
  48  5:01  Probe  
  48  5:02  Probe  
  50  5:08  Pylon  
  50  5:21  Gateway  
  50  5:25  Gateway  
  50  5:27  Gateway  
  50  5:30  Protoss Ground Armor Level 1  
  50  5:32  Gateway  
  50  5:36  Probe  
  50  5:38  Pylon  
  50  5:40  Pylon  
  50  5:41  Sentry  
  53  5:47  Zealot  
  55  5:59  Probe  
  55  6:00  Probe  
  57  6:05  Phoenix  
  59  6:11  Probe  
  59  6:13  Assimilator  
  59  6:15  Assimilator  
  60  6:20  Shield Battery  
  60  6:21  Probe  
  60  6:22  Photon Cannon  
  60  6:23  Pylon  
  61  6:28  Probe  
  61  6:30  Protoss Air Weapons Level 1  
  62  6:34  Probe  
  63  6:40  Photon Cannon, Probe  
  63  6:44  Blink  
  64  6:52  Probe  
  64  6:53  Probe  
  66  6:58  Oracle  
  69  7:04  Probe  
  70  7:17  Nexus  
  70  7:21  Pylon  
  70  7:23  Protoss Ground Weapons Level 2  
  70  7:24  Pylon  
  70  7:28  Stalker  
  70  7:29  Stalker x2  
  76  7:30  Probe  
  77  7:38  Zealot  
  77  7:40  Zealot  
  81  7:51  Probe  
  82  8:03  Stalker  
  82  8:04  Zealot  
  82  8:05  Zealot x3  
  92  8:08  Phoenix  
  94  8:17  Probe  
  94  8:18  Probe  
  96  8:26  Fleet Beacon  
  96  8:29  Pylon, Probe  
  96  8:30  Probe  
  96  8:33  Probe  
  99  8:36  Assimilator  
  99  8:42  Probe, Assimilator  
  99  8:47  Stargate  
  99  8:48  Probe  
  101  8:49  Probe  
  101  8:54  Probe  
  103  9:00  Probe  
  104  9:04  Photon Cannon  
  104  9:05  Shield Battery  
  104  9:08  Probe x2  
  106  9:17  Stalker x4  
  106  9:20  Zealot  
  106  9:22  Probe  
  117  9:28  Gateway  
  117  9:36  Carrier  
  123  9:46  Probe x3  
  126  10:12  Photon Cannon  
  126  10:14  Probe x3, Photon Cannon  
  110  10:15  Pylon  
  91  10:26  Probe x3  
  94  10:38  Probe x3  
  97  10:50  Stalker x6, Probe  
  97  10:55  Pylon  
  110  11:18  Probe x2  
  109  11:30  Stalker x3  
  109  11:31  Stalker  
  112  11:54  Probe  
  113  12:00  Photon Cannon  
  113  12:04  Photon Cannon  
  113  12:12  Probe x3  
  116  12:20  Photon Cannon  
  116  12:24  Probe  
  116  12:25  Photon Cannon  
  116  12:52  Photon Cannon, Probe  
  116  12:54  Photon Cannon  
  116  12:56  Photon Cannon  
  117  12:58  Pylon  
  117  13:00  Stalker x2  
  120  13:25  Photon Cannon  
  121  13:27  Probe, Photon Cannon  
  121  13:28  Photon Cannon  
  121  13:31  Stalker x2  
  125  13:58  Probe x2  
  127  14:03  Probe  
  127  14:07  Photon Cannon  
  127  14:09  Photon Cannon  
  110  14:10  Probe x2  
  110  14:11  Pylon  
  110  14:15  Probe  
  113  14:18  Photon Cannon  
  113  14:22  Probe  
  113  14:24  Pylon  
  114  14:27  Probe  
  102  14:59  Stalker  
  104  15:00  Stalker x2  
  104  15:01  Probe x2  
  108  15:08  Probe  
  109  15:17  Probe  
  110  15:27  Photon Cannon  
  102  16:04  Zealot x4  
  106  16:10  Probe  
  83  16:27  Stalker  
  85  16:38  Stalker  
  87  16:51  Assimilator  
  90  17:11  Probe  
Show
View Real Time Build Order
Export as new Build Order

Maestral Terran - Winner!

Build Orders: Command Center First 

Get SALT Encoding   

  12  0:00  SCV  
  13  0:13  SCV  
  14  0:18  Supply Depot  
  14  0:25  SCV  
  15  0:40  SCV  
  16  0:52  SCV  
  17  1:00  Refinery  
  17  1:04  SCV  
  18  1:19  SCV, Command Center  
  19  1:27  Barracks  
  19  1:31  SCV  
  20  1:43  SCV  
  21  1:55  SCV, Engineering Bay  
  22  2:07  SCV  
  23  2:24  Orbital Command  
  23  2:25  Factory  
  23  2:29  Barracks  
  23  2:32  Orbital Command  
  23  2:35  Bunker  
  22  2:37  Marine  
  23  2:46  Supply Depot  
  23  2:59  SCV  
  23  3:00  Marine  
  23  3:02  SCV  
  26  3:12  Supply Depot  
  26  3:13  Factory Tech Lab  
  26  3:16  SCV  
  27  3:22  Barracks Tech Lab  
  27  3:23  Barracks Tech Lab, SCV  
  28  3:28  SCV  
  28  3:34  Cyclone  
  32  3:36  SCV  
  32  3:40  SCV  
  34  3:44  Marauder x2  
  38  3:54  Refinery  
  38  3:55  Concussive Shells  
  38  3:57  SCV  
  38  3:59  Refinery  
  38  4:01  SCV  
  40  4:11  SCV  
  40  4:13  SCV  
  40  4:15  Refinery  
  42  4:23  SCV  
  43  4:26  SCV  
  44  4:35  Cyclone, SCV  
  44  4:36  Marauder  
  44  4:37  Marauder  
  44  4:38  SCV  
  53  4:40  Engineering Bay  
  53  4:43  Supply Depot  
  53  4:47  SCV  
  53  4:50  SCV  
  55  4:59  SCV  
  56  5:00  Marauder  
  56  5:01  Marauder  
  56  5:02  SCV  
  56  5:04  Bunker  
  61  5:12  Bunker  
  61  5:13  SCV  
  62  5:17  Cyclone  
  62  5:18  SCV  
  66  5:22  Marauder  
  66  5:25  SCV  
  66  5:27  Missile Turret  
  69  5:29  Missile Turret  
  69  5:30  SCV  
  70  5:41  Supply Depot  
  70  5:43  Marauder  
  70  5:48  Missile Turret  
  70  5:49  SCV, Missile Turret  
  73  5:56  SCV  
  74  6:01  SCV  
  75  6:08  Command Center, SCV, Missile Turret  
  76  6:17  Ghost Academy  
  76  6:27  Barracks, Starport  
  76  6:30  SCV  
  76  6:31  Starport  
  76  6:32  SCV  
  78  6:42  SCV  
  78  6:44  SCV  
  78  6:46  Missile Turret  
  80  6:48  Supply Depot  
  80  6:49  Personal Cloaking  
  80  6:52  Ghost  
  82  6:55  SCV  
  82  6:57  SCV  
  84  7:04  Missile Turret  
  84  7:07  SCV  
  85  7:09  Starport Reactor x2  
  85  7:12  Ghost  
  85  7:15  Barracks Tech Lab  
  87  7:19  Starport  
  87  7:23  SCV  
  88  7:33  Ghost  
  88  7:35  SCV  
  88  7:37  Command Center  
  91  7:38  SCV  
  91  7:42  Planetary Fortress  
  92  7:46  Ghost x2  
  92  7:47  SCV  
  92  7:50  SCV  
  98  7:52  Bunker  
  98  7:53  Siege Tank  
  98  7:58  Medivac  
  103  7:59  SCV  
  103  8:02  SCV  
  105  8:08  Neosteel Armor  
  105  8:11  SCV  
  106  8:13  Ghost  
  106  8:14  SCV  
  109  8:21  Ghost Academy  
  109  8:22  Ghost Academy  
  109  8:25  Ghost Academy  
  109  8:32  Refinery x2  
  109  8:45  Supply Depot  
  109  8:46  Supply Depot  
  109  8:48  SCV  
  109  8:49  Supply Depot  
  109  8:52  Supply Depot  
  110  8:56  Missile Turret  
  110  9:00  Nuke x2  
  110  9:01  Nuke x2  
  110  9:05  Barracks x2  
  110  9:09  Medivac  
  112  9:10  Engineering Bay  
  112  9:17  SCV  
  112  9:20  SCV  
  112  9:22  SCV  
  115  9:25  Unknown  
  115  9:29  SCV  
  116  9:32  SCV  
  116  9:34  SCV  
  116  9:36  SCV  
  119  9:39  Command Center  
  119  9:42  SCV  
  119  9:44  SCV  
  121  9:47  SCV  
  122  9:54  SCV  
  119  10:14  Nuke  
  119  10:15  Nuke x2  
  119  10:17  SCV x3  
  119  10:18  SCV  
  123  10:21  Ghost  
  123  10:23  Medivac  
  125  10:29  SCV  
  125  10:31  Command Center  
  126  10:35  Command Center  
  126  10:39  Missile Turret  
  126  10:45  SCV x2  
  126  10:47  SCV  
  126  10:48  Barracks Tech Lab  
  126  10:49  Barracks Tech Lab  
  127  10:50  Ghost  
  127  10:51  Stimpack, Combat Shield  
  127  10:53  Marine  
  129  11:12  Siege Tank  
  129  11:15  Ghost x2  
  136  11:18  Liberator  
  136  11:19  Viking x2  
  143  11:44  Siege Tank  
  143  11:45  Ghost  
  143  11:46  Medivac  
  146  11:47  SCV  
  146  11:48  SCV  
  146  11:49  SCV x2  
  148  12:03  Barracks  
  148  12:07  Ghost  
  148  12:16  Siege Tank  
  151  12:24  SCV  
  151  12:28  Refinery  
  152  12:30  Refinery  
  152  12:31  Ghost  
  152  12:36  Ghost, SCV  
  157  12:47  Nuke x2  
  157  12:48  Siege Tank  
  157  12:49  Viking x4  
  168  12:59  Nuke x2  
  168  13:00  Ghost  
  168  13:01  Marine  
  168  13:03  Terran Infantry Weapons Level 1  
  168  13:04  Ghost  
  168  13:05  Terran Infantry Armor Level 1  
  173  13:09  Planetary Fortress  
  173  13:12  Missile Turret  
  173  13:13  Missile Turret  
  173  13:14  Missile Turret x2  
  173  13:16  Missile Turret  
  173  13:18  Missile Turret  
  173  13:19  Missile Turret  
  170  13:20  Missile Turret x3  
  170  13:22  Missile Turret  
  166  13:28  Ghost  
  162  14:02  Ghost  
  164  14:03  Medivac  
  164  14:05  Planetary Fortress  
  164  14:09  Missile Turret  
  164  14:10  Missile Turret  
  164  14:24  Barracks Tech Lab  
  164  14:27  Missile Turret  
  164  14:29  Barracks Tech Lab  
  164  14:30  Ghost  
  164  14:31  Command Center, Missile Turret  
  165  14:33  Medivac  
  165  14:34  SCV  
  159  14:49  Missile Turret  
  156  14:53  Missile Turret  
  156  14:54  Missile Turret  
  156  14:56  Missile Turret  
  143  15:00  Viking x3  
  143  15:01  Viking  
  150  15:09  Missile Turret  
  150  15:23  Nuke  
  150  15:27  Nuke x2  
  150  15:30  Viking  
  152  15:42  Missile Turret  
  148  15:58  Ghost  
  148  15:59  Ghost  
Tags
 
Add a new tag
Caveats
  • Supply blocks, unpowered buildings, or Contaminate may cause inaccurate times.
  • Supply counts are checked every 10 seconds.